 Dungeon Crawl Stone Soup version 0.20-a0-540-ge6d1839 (console) character file.

37 Lahna the Skirmisher (level 3, -2/29 HPs)
             Began as a Demonspawn Berserker on Jan 30, 2017.
             Was a Follower of Trog.
             Slain by a gnoll
             ... wielding a +0 spear
              (9 damage)
             ... on level 2 of the Dungeon.
             The game lasted 00:02:09 (817 turns).

Lahna the Skirmisher (Demonspawn Berserker)          Turns: 817, Time: 00:02:09

Health: -2/29      AC:  6    Str: 17    XL:     3   Next: 23%
Magic:  3/3        EV: 11    Int:  8    God:    Trog [*.....]
Gold:   11         SH:  0    Dex: 13    Spells: 2/2 levels left

rFire    . . .     SeeInvis .   a - +0 falchion
rCold    . . .     Gourm    .   e - +0 ring mail
rNeg     . . .     Faith    .   (no shield)
rPois    .         Spirit   .   (helmet restricted)
rElec    .         Reflect  .   (no cloak)
rCorr    .         Harm     .   (no gloves)
MR       .....                  (no boots)
Stlth    +.........             g - amulet of regeneration
Regen    0.5/turn               (no ring)
                                n - +1 ring of protection

@: exhausted, slowed, very slow
A: antennae 1, rot immunity
a: Berserk, Burn Spellbooks, Renounce Religion


You were on level 2 of the Dungeon.
You worshipped Trog.
Trog was aware of your devotion.
You were hungry.

You visited 1 branch of the dungeon, and saw 2 of its levels.

You collected 11 gold pieces.

Inventory:

Hand Weapons
 a - a +0 falchion (weapon)
Armour
 e - a +0 ring mail (worn)
Jewellery
 g - an amulet of regeneration (around neck)
 n - a +1 ring of protection (left hand)
Scrolls
 d - 2 scrolls of remove curse
 i - a scroll of identify {unknown}
Potions
 f - a potion of heal wounds {unknown}
 j - a potion of lignification {unknown}
 l - a potion of magic {unknown}
 m - a potion of ambrosia {unknown}
Comestibles
 b - a meat ration
 c - 2 bread rations
 h - a chunk of flesh
 k - 4 fruits


   Skills:
 + Level 3.3 Fighting
 + Level 3.2 Long Blades
 + Level 2.1 Armour
 + Level 2.1 Dodging


You had 2 spell levels left.
You didn't know any spells.

Dungeon Overview and Level Annotations

Branches:
Dungeon (2/15)

Altars:

Annotations:
D:2 Ijyb


Innate Abilities, Weirdness & Mutations

You have a pair of small antennae on your head.
You are immune to rotting.


Message History

The hobgoblin hits you but does no damage.
You barely miss the adder. The adder closely misses you.
The gnoll hits you with a whip.
* * * LOW HITPOINT WARNING * * *
The gnoll hits you from afar with a spear!
* * * LOW HITPOINT WARNING * * *
The gnoll barely misses you.
The hobgoblin hits you but does no damage.
You are too injured to fight recklessly!
You are too injured to fight recklessly!
Unknown command.
You are too injured to fight recklessly!
You are no longer berserk.
You are exhausted.
You feel yourself slow down. The adder closely misses you.
You see here a bread ration.
The adder bites you.
* * * LOW HITPOINT WARNING * * *
The gnoll hits you from afar with a spear!
You die...

▒.. .▒ ..▒▒▒.▒
........▒
▒▒........
▒.........
▒.........
▒.........
▒@gg....?.
▒gS.g.....
▒▒.▒▒▒▒.g......
.......<.......
...............
.....▒.........
...▒...........
.. ▒▒..........
. ▒..........


You could see Ijyb, 3 gnolls, an adder and a hobgoblin.

Vanquished Creatures
  A gnoll (D:2)
  A leopard gecko (D:1)
  7 bats (D:1)
  A giant cockroach (D:1)
  4 hobgoblins (D:1)
  3 frilled lizards (D:1)
  2 goblins (D:1)
  6 kobolds (D:1)
  2 rats (D:1)
27 creatures vanquished.

Notes
Turn   | Place    | Note
-------+----------+-------------------------------------------
     0 | D:1      | Lahna the Demonspawn Berserker began the quest for the Orb.
     0 | D:1      | Reached XP level 1. HP: 18/18 MP: 1/1
   219 | D:1      | Gained mutation: You have a pair of small antennae on your head. [demonic ancestry]
   219 | D:1      | Reached XP level 2. HP: 16/24 MP: 2/2
   811 | D:2      | Noticed Ijyb
   813 | D:2      | Gained mutation: You are immune to rotting. [demonic ancestry]
   813 | D:2      | Reached XP level 3. HP: 29/29 MP: 3/3
   817 | D:2      | Slain by a gnoll

Vault maps used:
D:1:      co_arrival_square_in_a_square_in_a_square
D:2:      uniq_iyjb

Skill      XL: |  1  2 |
---------------+-------+-----
Dodging        | 2 |  2.1
Long Blades    | 3 |  3.2
Armour         | 2 |  2.1
Fighting       | |  3.3

Action                   || total
-------------------------++-------
Melee: Falchion          ||    91
Invok: Berserk           ||     1
  Use: Scroll            ||     1
Armor: Ring mail         ||    40
       Animal skin       ||     1
Dodge: Dodged            ||    72
       Rpst.: Falchion   ||    17
